 Dungeon Crawl Stone Soup version 0.18.1-50-g88ac8fd (webtiles) character file.

487 Gargoyl the Skirmisher (level 6, 0/49 HPs)
             Began as a Demonspawn Abyssal Knight on Oct 15, 2016.
             Was a Priest of Lugonu.
             Slain by a scorpion zombie (5 damage)
             ... in an ossuary.
             The game lasted 00:07:45 (4857 turns).

Gargoyl the Skirmisher (Demonspawn Abyssal Knight)  Turns: 4857, Time: 00:07:46

Health: 0/49       AC:  8    Str: 15    XL:     6   Next: 89%
Magic:  9/9        EV:  8    Int: 13    God:    Lugonu [***...]
Gold:   168        SH:  8    Dex: 12    Spells: 0 memorised, 5 levels left

rFire  . . .     SeeInvis +     w - +0 hand axe (venom)
rCold  . . .     Gourm    .     l - +0 ring mail
rNeg   . . .     Faith    .     r - +0 shield
rPois  .         Spirit   .     (no helmet)
rElec  .         Dismiss  .     g - +1 cloak
rCorr  .         Reflect  .     (no gloves)
SustAt .         Harm     .     (no boots)
MR     +....                    (no amulet)
Stlth  +.........               t - ring of protection from magic
                                o - ring of see invisible

@: lethally poisoned (0 -> -2), somewhat resistant to hostile enchantments, very
unstealthy
A: talons 1, demonic guardian 2
a: Depart the Abyss, Bend Space, Banish, Renounce Religion


You were in an ossuary.
You worshipped Lugonu.
Lugonu was most pleased with you.
You were very hungry.

You visited 1 branch of the dungeon, and saw 4 of its levels.
You visited the Abyss 1 time.
You also visited: Ossuary.

You collected 168 gold pieces.

Inventory:

Hand Weapons
 a - a +1 hand axe
 q - a +0 spear of piercing
 w - a +0 hand axe of venom (weapon)
Armour
 d - a +0 buckler
 g - a +1 cloak (worn)
 l - a +0 ring mail (worn)
 r - a +0 shield (worn)
Jewellery
 o - a ring of see invisible (left hand)
 t - a ring of protection from magic (right hand)
Scrolls
 h - a scroll of identify
 s - a scroll of remove curse
Potions
 n - a potion of degeneration {unknown}
 v - a potion of brilliance
Comestibles
 b - 2 meat rations
 c - 3 bread rations
 i - 2 slices of pizza


   Skills:
 + Level 4.4 Fighting
 + Level 2.9 Axes
 * Level 3.9 Armour
 + Level 2.3 Dodging
 + Level 1.8 Shields
 * Level 4.0 Invocations


You had 5 spell levels left.
You didn't know any spells.

Dungeon Overview and Level Annotations

Branches:
Dungeon (4/15)             Temple (0/1) D:4

Altars:
Ashenzari
Pakellas

Shops:
D:2 }


Innate Abilities, Weirdness & Mutations

You have sharp toenails.
A demonic guardian rushes to your aid.


Message History

You claw the scorpion zombie, but do no damage.
You feel sick. You block the scorpion zombie's attack.
You hit the scorpion zombie.
You claw the scorpion zombie, but do no damage.
You block the scorpion zombie's attack.
Your shield and ring mail prevent you from hitting the scorpion zombie.
You feel sick. You block the scorpion zombie's attack.
You hit the scorpion zombie but do no damage.
You feel sick. You block the scorpion zombie's attack.
You hit the scorpion zombie.
You claw the scorpion zombie, but do no damage.
You block the scorpion zombie's attack.
You hit the scorpion zombie but do no damage.
You claw the scorpion zombie, but do no damage.
You feel sick.
The scorpion zombie hits you but does no damage.
Your shield prevents you from hitting the scorpion zombie.
You claw the scorpion zombie, but do no damage.
You feel sick. The scorpion zombie hits you.
You die...

#...8...'...#!.=+
#...#...#.^.#M?.#
##########'#######+##
#.....#.....#
#.....#.....#
#.....8.....#
#...........#
#...........#
###8.@Z..8###
#...........#
#...........#
#.....8.....#
+.....#.....#
#.....#.....#
#############


You could see a scorpion zombie.

Vanquished Creatures
  The ghost of blejac99 the Slasher, an amateur TeGl of Ru (D:3)
  A scorpion (Ossuary)
  A centaur zombie (Ossuary)
  A giant frog zombie (D:4)
  An orc wizard (D:4)
  Natasha (D:3)
  6 gnolls
  4 adders
  A scorpion zombie (Ossuary)
  2 oozes (D:1)
  3 dart slugs (D:1)
  2 giant geckos
  4 orcs (D:4)
  2 ball pythons
  5 giant cockroaches
  9 goblins
  6 hobgoblins
  2 jackals (D:1)
  10 kobolds
  A bat (D:1)
  4 giant newts
  A gnoll zombie (Ossuary)
  2 hobgoblin zombies (Ossuary)
  2 kobold zombies (Ossuary)
  6 rats
78 creatures vanquished.

Vanquished Creatures (collateral kills)
  A scorpion (Ossuary)
  A human zombie (Ossuary)
  Natasha (D:3)
  A kobold zombie (Ossuary)
  An orc zombie (Ossuary)
5 creatures vanquished.

Vanquished Creatures (others)
  A giant gecko (D:1)
1 creature vanquished.

Grand Total: 84 creatures vanquished

Notes
Turn   | Place    | Note
--------------------------------------------------------------
     0 | Abyss:1  | Gargoyl the Demonspawn Abyssal Knight began the quest for the Orb.
     0 | Abyss:1  | Reached XP level 1. HP: 18/18 MP: 2/2
    75 | Abyss:1  | Noticed a tormentor
    76 | D:1      | Escaped the Abyss
   242 | D:1      | Reached * piety under Lugonu
   318 | D:1      | Gained mutation: You have sharp toenails. [demonic ancestry]
   318 | D:1      | Reached XP level 2. HP: 21/24 MP: 3/3
   860 | D:1      | Reached skill level 1 in Dodging
   860 | D:1      | Gained mutation: A weak demonic guardian rushes to your aid. [demonic ancestry]
   860 | D:1      | Reached XP level 3. HP: 27/30 MP: 3/5
  1345 | D:2      | Found an oddly glowing altar of Pakellas.
  1345 | D:2      | Found Pakellas's Prime Provisions.
  2138 | D:2      | Reached XP level 4. HP: 32/37 MP: 6/6
  2140 | D:2      | Reached ** piety under Lugonu
  2492 | D:2      | Found a shattered altar of Ashenzari.
  2976 | D:3      | Noticed Natasha
  2983 | D:3      | Killed Natasha
  3290 | D:3      | Reached XP level 5. HP: 38/42 MP: 7/7
  3303 | D:3      | Noticed Natasha
  3312 | D:3      | Killed Natasha
  3932 | D:3      | Noticed blejac99's ghost (amateur TeGl)
  3964 | D:3      | Killed blejac99's ghost
  3964 | D:3      | Reached skill level 1 in Shields
  3964 | D:3      | Gained mutation: A demonic guardian rushes to your aid. [demonic ancestry]
  3964 | D:3      | Reached XP level 6. HP: 28/48 MP: 8/8
  4655 | D:4      | Found a sand-covered staircase.
  4661 | Ossuary  | Entered an ossuary
  4838 | Ossuary  | Reached *** piety under Lugonu
  4857 | Ossuary  | Slain by a scorpion zombie

Skill      XL: |  1  2  3  4  5  6 |
---------------+-------------------+-----
Dodging        | 1 2 |  2.3
Armour         | 2 3 |  3.9
Axes           | 2 |  2.9
Invocations    | 3 4 |  4.0
Fighting       | 4 |  4.4
Shields        | 1 |  1.8

Action                   |  1- 3 |  4- 6 || total
-------------------------+-------+-------++-------
Melee: Hand axe          |   113 |   216 ||   329
       Kick              |    17 |    52 ||    69
Invok: Depart the Abyss  |     1 |       ||     1
  Use: Potion            |     1 |     4 ||     5
       Scroll            |     1 |     8 ||     9
  Eat: Chunk             |     3 |     9 ||    12
Armor: Leather armour    |     8 |       ||     8
       Ring mail         |    30 |    83 ||   113
Dodge: Dodged            |    52 |    76 ||   128
Block: Buckler           |    16 |     7 ||    23
       Shield            |       |    79 ||    79
